 Dungeon Crawl Stone Soup version 0.22.1-2-g9c5b331383 (webtiles) character file.

695 Rediskos the Cudgeler (level 7, 0/44 HPs)
             Began as a Gargoyle Fighter on Dec 22, 2018.
             Was a Believer of Elyvilon.
             Slain by Prince Ribbit (3 damage)
             ... on level 5 of the Dungeon.
             The game lasted 00:11:41 (4286 turns).

Rediskos the Cudgeler (Gargoyle Fighter)            Turns: 4286, Time: 00:11:41

Health: 0/44       AC: 18    Str: 21    XL:     7   Next: 64%
Magic:  1/7        EV:  5    Int: 14    God:    Elyvilon [**....]
Gold:   179        SH:  9    Dex:  9    Spells: 6/6 levels left

rFire    . . .     SeeInvis .   a - +1 flail
rCold    . . .     Gourm    .   f - +0 shield
rNeg     + . .     Faith    +   w - +0 chain mail
rPois    ∞         Spirit   .   q - +1 helmet {Int+3}
rElec    +         Reflect  .   (no cloak)
rCorr    .         Harm     .   i - +0 pair of gloves
MR       .....                  (no boots)
Stlth    ..........             j - amulet of faith
HPRegen  0.14/turn              p - +2 ring of intelligence
MPRegen  0.10/turn              (no ring)

@: berserk cooldown, slowed, very slow
A: negative energy resistance 1, electricity resistance, unbreathing,
petrification resistance, rot immunity, AC +4
a: Lesser Healing, Heal Other, Divine Protection, Renounce Religion


You were on level 5 of the Dungeon.
You worshipped Elyvilon.
Elyvilon was pleased with you.
You were very hungry.

You visited 2 branches of the dungeon, and saw 6 of its levels.

You collected 179 gold pieces.

Inventory:

Hand Weapons
 a - a +1 flail (weapon)
Armour
 b - a +0 scale mail
 f - a +0 shield (worn)
 i - a +0 pair of gloves (worn)
 q - a +1 helmet of intelligence (worn)
 w - a +0 chain mail (worn)
Jewellery
 j - an amulet of faith (around neck)
 p - a +2 ring of intelligence (left hand)
 x - an uncursed ring of wizardry {unknown}
Wands
 h - a wand of acid (9)
Scrolls
 k - 2 scrolls of remove curse
 m - a scroll of immolation
 n - a scroll of fear
 s - a scroll of enchant weapon
 t - a scroll of amnesia {unknown}
Potions
 d - 2 potions of might
 e - a potion of berserk rage
 g - a potion of agility {unknown}
 l - 3 potions of lignification
 o - a potion of mutation
 r - a potion of haste
 u - a potion of heal wounds {unknown}
 v - a potion of invisibility {unknown}
Comestibles
 c - 7 rations
 z - a chunk of flesh


   Skills:
 + Level 5.2 Fighting
 * Level 5.4 Maces & Flails
 + Level 5.1 Armour
 + Level 5.1 Shields


You had 6 spell levels left.
You didn't know any spells.
Your spell library was empty.

Dungeon Overview and Level Annotations

Branches:
Dungeon (5/15)             Temple (1/1) D:4

Altars:
Ashenzari
Cheibriados
Dithmenos
Elyvilon
Gozag
Makhleb
Nemelex Xobeh
Qazlal
Sif Muna
Uskayaw
Vehumet
Wu Jian
Xom
Yredelemnul
Zin
The Shining One

Annotations:
D:5 Prince Ribbit


Innate Abilities, Weirdness & Mutations

You are resistant to torment.
Your stone body is resilient. (AC +4)
You are immune to poison.
You resist negative energy. (rN+)
You are resistant to electric shocks. (rElec)
You can survive without breathing.
You are immune to petrification.
You are immune to rotting.


Message History

You feel a strong urge to attack something.
Prince Ribbit blinks!
There is an open door here.
You feel your anger nearly subside. Prince Ribbit hits you.
* * * LOW HITPOINT WARNING * * *
Your shield prevents you from hitting Prince Ribbit.
Prince Ribbit is moderately wounded.
You block Prince Ribbit's attack.
You closely miss Prince Ribbit.
Prince Ribbit is moderately wounded.
You are no longer berserk.
You are exhausted.
You feel yourself slow down.
Prince Ribbit hits you but does no damage.
Your shield and chain mail prevent you from hitting Prince Ribbit.
Prince Ribbit is moderately wounded.
Prince Ribbit lets out a mournful croak.
Prince Ribbit hits you.
You die...

#<# #$ #.# ##.
#.# #.. #.# #
#.# #.#
#.#####?# #.#
#....##.# #.#
##.'..# #.#
#..##.#
#.#@#.#
######.#F#.#
.(........#..
#######.#.##..
#.#..##.#
#.....#_#
####.#### #
#.#######
#####
#.#.....#
#....


You could see Prince Ribbit.

Vanquished Creatures
  An ice beast (D:5)
  An ogre (D:4)
  A crimson imp (D:5)
  A hound (D:4)
  A bullfrog skeleton (D:5)
  2 orc wizards (D:4)
  An orc priest (D:4)
  2 worker ants
  An iguana (D:4)
  A hound zombie (D:5)
  4 gnolls (D:3)
  8 adders
  A shadow imp (D:5)
  2 oozes
  2 worms
  An adder zombie (D:5)
  5 dart slugs
  5 leopard geckos
  12 orcs
  3 bats
  2 giant cockroaches
  8 goblins
  13 hobgoblins
  7 jackals
  2 quokkas
  A ball python (D:2)
  6 frilled lizards
  5 kobolds
  7 rats
106 creatures vanquished.

Vanquished Creatures (others)
  A frilled lizard (D:1)
1 creature vanquished.

Grand Total: 107 creatures vanquished

Notes
Turn   | Place    | Note
-------+----------+-------------------------------------------
     0 | D:1      | Rediskos the Gargoyle Fighter began the quest for the Orb.
     0 | D:1      | Reached XP level 1. HP: 14/14 MP: 1/1
    36 | D:1      | Reached XP level 2. HP: 19/19 MP: 2/2
   298 | D:1      | Reached XP level 3. HP: 23/23 MP: 3/3
   898 | D:2      | Reached XP level 4. HP: 25/29 MP: 4/4
  1025 | D:2      | Found a white marble altar of Elyvilon.
  1053 | D:2      | Became a worshipper of Elyvilon the Healer
  1440 | D:3      | Reached XP level 5. HP: 33/33 MP: 5/5
  1491 | D:3      | Reached * piety under Elyvilon
  2455 | D:4      | Reached XP level 6. HP: 39/39 MP: 6/6
  2488 | D:4      | Found a staircase to the Ecumenical Temple.
  2493 | Temple   | Entered the Ecumenical Temple
  2504 | Temple   | Reached ** piety under Elyvilon
  3109 | D:4      | Found a deep blue altar of Sif Muna.
  3643 | D:4      | Reached XP level 7. HP: 44/44 MP: 7/7
  3712 | D:5      | Entered Level 5 of the Dungeon
  3798 | D:5      | Reached skill level 5 in Maces & Flails
  3827 | D:5      | Noticed Prince Ribbit
  4030 | D:5      | Reached skill level 5 in Fighting
  4076 | D:5      | Reached skill level 5 in Armour
  4076 | D:5      | Reached skill level 5 in Shields
  4234 | D:5      | Found a basalt altar of Yredelemnul.
  4234 | D:5      | Found a snail-covered altar of Cheibriados.
  4283 | D:5      | HP: 3/66 [Prince Ribbit (2)]
  4286 | D:5      | Slain by Prince Ribbit

Skill      XL: |  1  2  3  4  5  6  7 |
---------------+----------------------+-----
Maces & Flails | 3 4 5 |  5.4
Fighting       | 4 5 |  5.2
Shields        | 4 5 |  5.1
Armour         | 4 5 |  5.1

Action                   |  1- 3 |  4- 6 |  7- 9 || total
-------------------------+-------+-------+-------++-------
Melee: Flail             |   115 |   270 |    97 ||   482
Invok: Lesser Healing    |       |    12 |    18 ||    30
  Use: Scroll            |     1 |    10 |     1 ||    12
       Potion            |       |       |     1 ||     1
  Eat: Chunk             |       |     5 |     3 ||     8
       Ration            |       |     2 |       ||     2
Armor: Scale mail        |    71 |   177 |    20 ||   268
       Chain mail        |       |       |    29 ||    29
Dodge: Dodged            |    32 |    76 |    18 ||   126
Block: Shield            |    66 |   134 |    50 ||   250
